 Dungeon Crawl Stone Soup version 0.30-a0-4-ga7cffc901d (webtiles) character file.

Game seed: 9269747587464280024

18 bearlyready the Shooter (level 2, -4/16 HPs)
             Began as a Kobold Arcane Marksman on Aug 22, 2022.
             Slain by a goblin
             ... wielding a +0 quarterstaff
              (8 damage)
             ... on level 1 of the Dungeon.
             The game lasted 00:01:04 (693 turns).

bearlyready the Shooter (Kobold Arcane Marksman)     Turns: 693, Time: 00:01:04

Health: -4/16      AC:  2    Str:  7    XL:     2   Next: 90%
Magic:  3/3        EV: 15    Int: 14    God:
Gold:   12         SH:  0    Dex: 15    Spells: 2/3 levels left

rFire   + . .      SeeInvis .    a - +1 sling
rCold   + . .      Faith    .    (no shield)
rNeg    . . .      Spirit   .    c - +0 robe
rPois   +          Reflect  .    (no helmet)
rElec   +          Harm     .    (no cloak)
rCorr   +          Rampage  .    (no gloves)
Will    .....                    (no boots)
Stlth   ++........               (no amulet)
HPRegen 0.05/turn                (no ring)
MPRegen 0.08/turn                (no ring)

@: confused, resistant
A: small, no large weapons, nightstalker 3
a: no special abilities


You were on level 1 of the Dungeon.
You visited 1 branch of the dungeon, and saw 1 of its levels.

You collected 12 gold pieces.

Inventory:

Hand Weapons
 a - a +1 sling (weapon)
Armour
 c - a +0 robe (worn)
Scrolls
 b - a scroll of poison
 d - a scroll of enchant weapon {unknown}
 e - a scroll of enchant armour {unknown}
 g - a scroll of identify {unknown}


   Skills:
 - Level 1.1 Fighting
 + Level 4.3 Ranged Weapons
 - Level 2.4 Dodging
 - Level 1.1 Spellcasting
 - Level 3.0 Hexes


You had 2 spell levels left.
You knew the following spells:

 Your Spells              Type           Power      Damage    Failure   Level
a - Slow                  Hex            36%        N/A       8%          1

Your spell library contained the following spells:

 Spells                   Type           Power      Damage    Failure   Level
 Inner Flame              Hex/Fire       4%         N/A       38%         3
 Portal Projectile        Hex/Tloc       8%         N/A       38%         3
 Cause Fear               Hex            4%         N/A       58%         4
 Animate Dead             Necr           0%         N/A       95%         4
 Borgnjor's Vile Clutch   Necr/Erth      0%         N/A       100%        5
 Death Channel            Necr           0%         N/A       100%        6


Dungeon Overview and Level Annotations

Branches:
Dungeon (1/15)

Altars:


Innate Abilities, Weirdness & Mutations

You are small and have problems with some larger weapons.
You are completely attuned to the shadows.


Message History

Press: ? - help, Q - select action, (/) - cycle Shift-Dir - straight line, f/p - goblin
Aim: a goblin, wielding a +0 quarterstaff, wearing a +0 robe and carrying a wand of charming (9) (51% to hit)
You shoot a sling bullet.
The sling bullet barely misses the goblin.
The goblin zaps a wand.
Your will is overpowered!
You are confused.
Non-targeted confused fire: a) +1 sling
Press: ? - help, Q - select action, (/) - cycle Dir - look around, f - activate You shoot a sling bullet.
The goblin zaps a wand.
You resist with significant effort.
Non-targeted confused fire: a) +1 sling
Press: ? - help, Q - select action, (/) - cycle Dir - look around, f - activate
Okay, then.
You are too confused!
You are too confused!
You are too confused!
Non-targeted confused fire: a) +1 sling
Press: ? - help, Q - select action, (/) - cycle Dir - look around, f - activate You shoot a sling bullet.
The goblin zaps a wand.
Your will is overpowered!
You are more confused.
The goblin hits you with a +0 quarterstaff!
Ouch! That really hurt!
Non-targeted confused fire: a) +1 sling
Press: ? - help, Q - select action, (/) - cycle Dir - look around, f - activate You shoot a sling bullet.
The goblin misses you.
The goblin zaps a wand.
Your will is overpowered!
You are more confused.
The goblin misses you.
The goblin hits you with a +0 quarterstaff.
* * * LOW HITPOINT WARNING * * *
It was a potion of resistance.
You feel protected.
The goblin hits you with a +0 quarterstaff.
* * * LOW HITPOINT WARNING * * *
You miss the goblin.
The goblin hits you with a +0 quarterstaff!
Ouch! That really hurt!
You die...

................#
######.#....##..# .
#.#........# #
#.#.....)..# #
#..........### #
#.###..###.(.# .
.........# #
.........# )
#.....g@.# .
.........# .
.........#
.........#
###...### .......#
#.# ######.# #.#
##### #.# #.# #...#
#####.###.#####...#


You could see a goblin.

Vanquished Creatures
  2 bats (D:1)
  A giant cockroach (D:1)
  7 jackals (D:1)
  A kobold (D:1)
  3 frilled lizards (D:1)
  2 rats (D:1)
16 creatures vanquished.

Notes
Turn   | Place    | Note
-------+----------+-------------------------------------------
     0 | D:1      | bearlyready the Kobold Arcane Marksman began the quest for
                  | the Orb.
     0 | D:1      | Reached XP level 1. HP: 12/12 MP: 2/2
    97 | D:1      | Reached skill level 3 in Ranged Weapons
   119 | D:1      | Reached XP level 2. HP: 7/16 MP: 1/3
   515 | D:1      | Reached skill level 4 in Ranged Weapons
   693 | D:1      | Slain by a goblin

Illustrated notes

Levels and vault maps discovered:
D:1:      mrwooster_arrival_statue_2, layout_basic,
          hellmonk_ecumenical_altar_lost_god

Skill      XL: |  1  2 |
---------------+-------+-----
Ranged Weapons | 3 4 |  4.3
Fighting       | |  1.1
Dodging        | |  2.4
Spellcasting   | |  1.1
Hexes          | |  3.0

Action                   || total
-------------------------++-------
Melee: Sling             ||     1
 Fire: Sling             ||    57
 Cast: Slow              ||     2
  Use: Potion            ||     1
Armor: Robe              ||    10
Dodge: Dodged            ||    48

Table legend: (Time is in decaauts)
 A = Elapsed time spent in this place.
 B = Non-inter-level travel time spent in this place.
 C = Inter-level travel time spent in this place.
 D = Time resting spent in this place.
 E = Time spent auto-exploring this place.
 F = Levels seen in this place.
 G = Mean time per level.
                   A        B        C        D        E       F      G
               +--------+--------+--------+--------+--------+-----+--------+
         Total |    705 |    705 |      0 |      0 |    583 |   1 |  705.0 |
       Dungeon |    705 |    705 |      0 |      0 |    583 |   1 |  705.0 |
               +--------+--------+--------+--------+--------+-----+--------+

Top non-repeatable levels by time:
     D:1: 705 daAuts
